Map: Ephemeron LE

Players

ButAlwayssss

  • Race: Protoss Protoss
  • League: Master
  • Spawn Location: 5:00

Serral - Winner!

  • Race: Zerg Zerg
  • Spawn Location: 11:00

Event: NationWars 2019

VOD

Have the link to the VOD?

Description

Time

  • Played on: Oct. 6, 2019, 1:57 p.m.
  • Length: 15:53

All games in this series

Show
View Real Time Build Order
Export as new Build Order

ButAlwayssss Protoss 

Build Orders: Carriers 

Get SALT Encoding   

  12  0:00  Probe  
  13  0:13  Probe  
  14  0:19  Pylon  
  14  0:25  Probe  
  15  0:37  Probe (Chrono Boost)  
  15  0:38  Gateway  
  16  0:48  Probe (Chrono Boost)  
  17  0:50  Assimilator  
  17  0:52  Probe (Chrono Boost)  
  18  1:04  Probe  
  19  1:09  Forge  
  19  1:16  Probe  
  20  1:25  Pylon  
  20  1:34  Pylon  
  20  1:35  Pylon  
  20  1:44  Photon Cannon  
  20  1:46  Pylon  
  20  1:53  Photon Cannon  
  20  2:00  Photon Cannon  
  20  2:12  Photon Cannon x2  
  20  2:17  Photon Cannon  
  20  2:22  Photon Cannon  
  20  2:24  Photon Cannon  
  19  2:38  Cybernetics Core  
  19  2:47  Probe  
  20  2:56  Nexus  
  20  2:59  Probe  
  21  3:05  Pylon  
  21  3:11  Probe  
  22  3:14  Stalker (Chrono Boost)  
  24  3:20  Assimilator  
  24  3:22  Warp Gate  
  24  3:26  Probe (Chrono Boost)  
  25  3:37  Adept, Probe (Chrono Boost)  
  28  3:43  Probe (Chrono Boost)  
  29  3:52  Probe  
  29  3:53  Stargate  
  30  4:01  Pylon  
  30  4:06  Probe (Chrono Boost)  
  30  4:08  Probe (Chrono Boost)  
  34  4:17  Probe (Chrono Boost)  
  34  4:18  Probe (Chrono Boost)  
  34  4:22  Probe (Chrono Boost)  
  35  4:24  Probe (Chrono Boost)  
  35  4:30  Adept, Probe  
  39  4:34  Probe  
  39  4:35  Phoenix (Chrono Boost)  
  42  4:48  Fleet Beacon, Probe  
  42  4:50  Probe  
  44  5:00  Probe  
  44  5:02  Probe  
  46  5:08  Assimilator  
  46  5:10  Pylon  
  46  5:12  Probe  
  48  5:14  Probe  
  48  5:15  Fleet Beacon  
  48  5:20  Stalker, Protoss Air Weapons Level 1  
  48  5:21  Pylon  
  50  5:24  Probe  
  50  5:26  Probe  
  52  5:32  Assimilator  
  52  5:36  Probe  
  52  5:41  Nexus  
  53  5:43  Probe  
  53  5:48  Probe  
  53  5:49  Pylon  
  55  5:56  Probe, Tempest (Chrono Boost)  
  56  6:04  Stalker  
  63  6:06  Probe  
  63  6:10  Photon Cannon  
  63  6:11  Probe  
  65  6:14  Pylon  
  65  6:19  Pylon  
  65  6:26  Probe  
  65  6:28  Probe  
  65  6:30  Adept  
  69  6:38  Probe  
  69  6:39  Tempest (Chrono Boost)  
  68  6:40  Probe  
  74  6:50  Stargate, Probe  
  74  6:52  Probe  
  74  6:54  Probe  
  77  7:01  Assimilator  
  77  7:02  Probe  
  77  7:03  Assimilator  
  77  7:05  Pylon  
  77  7:06  Probe  
  79  7:11  Probe  
  79  7:15  Probe  
  87  7:18  Carrier (Chrono Boost)  
  87  7:19  Sentry  
  89  7:24  Probe  
  89  7:25  Pylon  
  89  7:27  Probe  
  91  7:34  Protoss Air Weapons Level 2 (Chrono Boost)  
  91  7:37  Stargate  
  91  7:41  Carrier (Chrono Boost)  
  91  7:42  Photon Cannon  
  92  7:52  Photon Cannon  
  92  7:53  Photon Cannon  
  92  7:58  Shield Battery x2  
  92  8:06  Carrier (Chrono Boost)  
  92  8:09  Shield Battery  
  92  8:11  Shield Battery  
  98  8:21  Sentry  
  98  8:24  Pylon  
  98  8:25  Carrier (Chrono Boost)  
  106  8:31  Photon Cannon  
  106  8:32  Photon Cannon  
  106  8:35  Void Ray (Chrono Boost)  
  110  8:49  Shield Battery  
  110  8:52  Shield Battery  
  110  8:54  Photon Cannon, Protoss Shields Level 1  
  114  9:04  Void Ray (Chrono Boost)  
  114  9:12  Carrier (Chrono Boost)  
  120  9:18  Void Ray (Chrono Boost)  
  124  9:34  Robotics Facility  
  124  9:36  Pylon  
  124  9:38  Pylon  
  128  9:53  Nexus, Void Ray (Chrono Boost)  
  128  9:54  Protoss Air Weapons Level 3 (Chrono Boost)  
  128  9:56  Pylon  
  128  9:58  Void Ray  
  132  10:10  Probe x3  
  132  10:13  Void Ray  
  139  10:17  Shield Battery  
  139  10:18  Shield Battery  
  139  10:20  Shield Battery  
  139  10:21  Observer  
  139  10:22  Probe  
  139  10:24  Pylon, Probe  
  143  10:34  Probe (Chrono Boost)  
  143  10:36  Shield Battery  
  143  10:40  Assimilator  
  143  10:41  Mothership (Chrono Boost)  
  143  10:48  Assimilator, Void Ray  
  155  10:54  Probe x2 (Chrono Boost)  
  157  10:59  Pylon  
  157  11:01  Pylon, Observer  
  159  11:04  Probe x2  
  159  11:11  Carrier  
  166  11:20  Pylon, Carrier  
  166  11:22  Probe  
  166  11:23  Probe  
  166  11:25  Observer, Probe  
  176  11:34  Probe  
  176  11:38  Photon Cannon  
  177  11:43  Photon Cannon  
  177  11:45  Carrier  
  177  11:46  Observer  
  184  11:56  Observer  
  184  11:57  Twilight Council  
  184  12:01  Pylon  
  184  12:05  Stargate  
  184  12:06  Stargate  
  184  12:07  Observer  
  185  12:15  Carrier  
  191  12:19  Nexus  
  191  12:24  Photon Cannon  
  191  12:26  Photon Cannon  
  191  12:27  Photon Cannon  
  191  12:28  Shield Battery  
  192  12:30  Observer, Shield Battery  
  192  12:37  Observer  
  192  12:46  Pylon, Protoss Shields Level 2  
  192  12:51  Observer  
  193  12:55  Protoss Air Armor Level 1 (Chrono Boost)  
  193  13:00  Assimilator  
  193  13:18  Carrier (Chrono Boost)  
  197  13:21  Carrier (Chrono Boost)  
  178  13:38  Void Ray x2 (Chrono Boost)  
  138  13:42  Void Ray (Chrono Boost)  
  110  13:56  Probe  
  110  13:57  Probe  
  110  13:58  Probe x3  
  115  14:04  Observer  
  115  14:09  Probe  
  117  14:14  Photon Cannon, Zealot  
  117  14:16  Photon Cannon  
  131  14:17  Carrier (Chrono Boost), Photon Cannon  
  131  14:18  Carrier x2 (Chrono Boost)  
  131  14:19  Shield Battery  
  131  14:20  Assimilator  
  141  14:24  Carrier (Chrono Boost)  
  141  14:25  Observer  
  144  14:47  Observer  
  144  14:51  Carrier (Chrono Boost)  
  145  14:52  Pylon  
  151  15:17  Templar Archives  
  151  15:19  Nexus  
  151  15:20  Pylon  
Show
View Real Time Build Order
Export as new Build Order

Serral Zerg - Winner!

Build Orders: Hatch First 

Get SALT Encoding   

  12  0:00  Drone  
  13  0:12  Overlord  
  13  0:17  Drone  
  14  0:30  Drone  
  14  0:31  Drone  
  16  0:48  Hatchery  
  15  0:52  Drone  
  15  0:55  Drone  
  17  0:58  Drone  
  18  1:09  Extractor  
  17  1:13  Spawning Pool  
  17  1:17  Drone  
  17  1:20  Drone  
  18  1:28  Drone  
  19  1:38  Drone  
  20  1:50  Drone  
  21  2:02  Zergling x2  
  21  2:04  Spine Crawler  
  21  2:06  Spine Crawler  
  21  2:07  Spine Crawler  
  19  2:12  Zergling x2  
  19  2:14  Zergling x4  
  19  2:25  Zergling x4  
  20  2:33  Zergling x4  
  21  2:43  Drone  
  21  2:44  Drone  
  20  2:55  Drone x2  
  17  3:05  Drone x2  
  19  3:15  Queen  
  19  3:19  Drone  
  22  3:28  Queen  
  24  3:35  Overlord  
  24  3:38  Drone  
  25  3:41  Drone  
  25  3:44  Drone  
  26  4:06  Hatchery  
  26  4:08  Drone  
  26  4:11  Pneumatized Carapace  
  26  4:12  Drone  
  28  4:17  Drone  
  28  4:20  Drone x2  
  30  4:27  Overlord  
  30  4:29  Drone  
  31  4:36  Queen  
  33  4:41  Drone x2  
  35  4:46  Metabolic Boost  
  35  4:47  Zergling x2  
  35  4:51  Zergling x4  
  38  4:57  Overlord  
  38  4:59  Drone x2  
  40  5:02  Drone  
  40  5:07  Queen  
  43  5:15  Queen  
  43  5:17  Overlord  
  43  5:20  Drone x2  
  47  5:24  Drone  
  48  5:29  Drone  
  48  5:35  Drone  
  50  5:36  Drone x3  
  50  5:40  Spore Crawler  
  50  5:42  Spore Crawler  
  51  5:44  Drone x3  
  51  5:45  Spore Crawler  
  51  5:49  Zergling x2  
  55  5:50  Zergling x2  
  55  5:58  Overlord  
  55  5:59  Roach Warren  
  55  6:00  Drone x2  
  55  6:02  Drone x2  
  58  6:06  Overlord  
  58  6:11  Overlord  
  58  6:15  Overlord  
  58  6:18  Drone x3  
  61  6:23  Lair  
  61  6:25  Extractor  
  61  6:26  Drone x2, Extractor  
  61  6:29  Drone x3  
  61  6:32  Drone x2  
  65  6:34  Drone  
  65  6:35  Drone  
  65  6:36  Drone  
  65  6:39  Drone  
  68  6:41  Drone x2  
  68  6:43  Overlord  
  68  6:46  Drone  
  71  6:47  Overlord  
  71  6:48  Extractor  
  70  6:54  Roach x2  
  70  6:59  Queen x2  
  78  7:05  Zergling x2, Roach  
  78  7:06  Zergling x8  
  85  7:12  Extractor  
  84  7:20  Spire  
  84  7:22  Overseer  
  83  7:28  Overlord  
  83  7:29  Spore Crawler  
  82  7:30  Spore Crawler, Drone x2, Extractor  
  82  7:31  Drone x2  
  83  7:37  Zergling x8, Roach x3  
  83  7:38  Zergling x4  
  83  7:43  Drone  
  95  7:45  Drone  
  97  7:52  Overlord  
  97  7:53  Evolution Chamber  
  97  7:55  Drone x5  
  101  8:01  Drone x4  
  104  8:07  Glial Reconstitution  
  104  8:08  Drone  
  104  8:12  Hatchery  
  104  8:13  Drone x2  
  104  8:19  Overlord x2  
  106  8:24  Drone  
  106  8:27  Zerg Missile Weapons Level 1  
  106  8:30  Infestation Pit  
  106  8:31  Drone  
  106  8:35  Zerg Flyer Weapons Level 1  
  106  8:36  Overlord  
  106  8:37  Drone x6  
  106  8:38  Drone x2  
  112  8:43  Burrow  
  112  8:54  Drone x3  
  112  8:55  Drone x5  
  118  8:59  Extractor  
  118  9:01  Spore Crawler  
  118  9:02  Extractor  
  117  9:05  Overlord  
  117  9:06  Pathogen Glands  
  117  9:14  Drone x3  
  120  9:17  Spore Crawler  
  120  9:20  Overlord  
  120  9:22  Spore Crawler  
  118  9:24  Hatchery  
  118  9:26  Corruptor x5  
  126  9:33  Corruptor x2  
  130  9:42  Corruptor x2  
  132  9:47  Corruptor x2  
  132  9:51  Overlord  
  136  9:53  Infestor x2  
  136  9:54  Infestor  
  136  9:59  Drone x5  
  147  10:03  Neural Parasite  
  147  10:19  Infestor x3  
  147  10:20  Extractor  
  147  10:21  Overseer  
  151  10:23  Extractor  
  151  10:25  Zergling x6  
  151  10:26  Zergling x6  
  156  10:30  Zerg Flyer Weapons Level 2  
  156  10:31  Zerg Melee Weapons Level 1  
  156  10:36  Infestor  
  156  10:37  Overlord x6  
  156  10:39  Drone x7  
  165  10:50  Spore Crawler  
  165  10:52  Spore Crawler  
  165  10:53  Spore Crawler  
  165  10:56  Infestor x3  
  168  10:57  Evolution Chamber  
  167  11:05  Infestor  
  167  11:11  Drone x7  
  173  11:12  Drone  
  173  11:15  Corruptor  
  173  11:17  Infestor x2  
  173  11:18  Spore Crawler x2  
  182  11:19  Spore Crawler  
  182  11:22  Zergling x2  
  182  11:23  Zergling x8  
  185  11:27  Hatchery  
  185  11:28  Zerg Ground Armor Level 1  
  185  11:32  Infestor x2  
  186  11:38  Infestor  
  190  11:46  Hive, Overseer  
  188  11:54  Drone x3  
  188  11:55  Drone x4  
  195  12:07  Spore Crawler x2, Infestor x2  
  195  12:08  Spore Crawler x2  
  195  12:10  Extractor  
  195  12:11  Extractor  
  195  12:15  Overseer  
  192  12:18  Drone  
  193  12:26  Spore Crawler x2, Zergling x2  
  193  12:27  Spore Crawler x2, Zergling x16  
  193  12:28  Spore Crawler x2  
  195  12:35  Spore Crawler  
  192  12:37  Spore Crawler  
  192  12:38  Spore Crawler  
  192  12:39  Overseer x2  
  190  12:46  Zerg Flyer Armor Level 1  
  186  13:07  Corruptor x3  
  186  13:08  Corruptor  
  186  13:10  Infestor x7  
  186  13:11  Infestor  
  190  13:18  Zergling x16  
  174  13:37  Infestor x5  
  174  13:38  Infestor x6  
  185  13:41  Zergling x2  
  185  13:42  Zergling x24  
  197  13:55  Viper x2  
  199  14:07  Spire  
  199  14:08  Adrenal Glands  
  198  14:11  Overseer x2  
  196  14:23  Zergling x2  
  196  14:24  Zergling x10  
  199  14:27  Spore Crawler, Overseer  
  197  14:33  Zergling x4  
  199  14:39  Baneling Nest  
  199  14:45  Roach x4  
  198  14:59  Corruptor  
  196  15:19  Corruptor x4  
  196  15:20  Corruptor  
  193  15:25  Zergling x30  
Tags
 
Composition
Carriers
League
Master
Matchup
PvZ
Player
Serral
Spawn Locations
Cross Positions
Add a new tag
Caveats
  • Supply blocks, unpowered buildings, or Contaminate may cause inaccurate times.
  • Supply counts are checked every 10 seconds.